 Dungeon Crawl Stone Soup version 0.31-a0-640-g39d97e502b (webtiles) character file.

Game seed: 1361835833496712116

25 olmar the Digger (level 2, -8/22 HPs)
             Began as a Demigod Earth Elementalist on Aug 27, 2023.
             Mangled by an iguana (10 damage)
             ... on level 2 of the Dungeon.
             The game lasted 00:02:00 (1342 turns).

olmar the Digger (Demigod Earth Elementalist)       Turns: 1342, Time: 00:02:01

Health: -8/22      AC:  3    Str:  9    XL:     2   Next: 66%
Magic:  3/7        EV: 12    Int: 17    God:
Gold:   103        SH:  0    Dex: 14    Spells: 4/5 levels left

rFire   . . .        (no weapon)
rCold   . . .        (no shield)
rNeg    . . .        a - +0 robe
rPois   .            (no helmet)
rElec   .            (no cloak)
rCorr   .            i - +0 pair of gloves
SInv    .            (no boots)
Will    .....        (no amulet)
Stlth   ++           (no ring)
HPRegen 0.23/turn    (no ring)
MPRegen 0.10/turn

%: no passive effects
@: hasted, very quick
A: high MP 1, forlorn, divine attributes
a: no special abilities


You were on level 2 of the Dungeon.
You visited 1 branch of the dungeon, and saw 2 of its levels.

You collected 103 gold pieces.

Inventory:

Armour
 a - a +0 robe (worn)
 i - a +0 pair of gloves (worn)
Jewellery
 e - a ring of positive energy
Scrolls
 c - a scroll of brand weapon
 d - a scroll of enchant armour
 g - a scroll of teleportation
Potions
 b - a potion of magic
 f - 2 potions of attraction
 h - a potion of might {unknown}
 j - a potion of haste
 l - a potion of berserk rage {unknown}


   Skills:
 + Level 0.5 Fighting
 + Level 1.9 Dodging
 - Level 1.7 Stealth
 + Level 2.3 Spellcasting
 - Level 1.0 Transmutations
 + Level 3.0 Earth Magic


You had 4 spell levels left.
You knew the following spells:

 Your Spells              Type           Power      Damage    Failure   Level
a - Sandblast             Erth           24%        2d8       5%          1

Your spell library contained the following spells:

 Spells                   Type           Power      Damage    Failure   Level
 Passwall                 Tmut/Erth      6%         N/A       12%         2
 Stone Arrow              Conj/Erth      14%        3d7       30%         3
 Petrify                  Tmut/Erth      8%         N/A       63%         4


Dungeon Overview and Level Annotations

Branches:
Dungeon (2/15)


Innate Abilities, Weirdness & Mutations

You have an increased reservoir of magic. (+10% MP)
You shall have no god before yourself.
Your divine heritage dramatically boosts your attributes as you level up.


Message History

k - a scroll of identify You now have 103 gold pieces (gained 4).
l - an amethyst potion
Found a stone staircase leading down.
As you read the scroll of identify, it crumbles to dust.
c - a scroll of brand weapon A hobgoblin comes into view.
The hobgoblin moves out of view.
A hobgoblin is nearby!
A hobgoblin is nearby!
The blast of sand hits the hobgoblin.
You kill the hobgoblin!
You can't see any susceptible monsters within range! (Use Z to cast anyway.)
An ogre comes into view. It is wielding a +0 giant spiked club.
An ogre is nearby!
An ogre is nearby!
You aren't carrying any items that you can evoke.
Okay, then.
You see here a +0 spear.
An iguana comes into view.
The iguana hisses angrily.
A goblin comes into view. It is wielding a +0 club.
Found a scroll of enchant armour.
The goblin shouts!
The blast of sand hits the iguana but does no damage.
The blast of sand hits the iguana.
The iguana is moderately wounded.
The blast of sand misses the iguana.
The blast of sand hits the goblin!
You kill the goblin!
The iguana closely misses you. The iguana bites you.
The blast of sand hits the iguana.
The iguana is heavily wounded.
The iguana bites you!
Ouch! That really hurt!
* * * LOW HITPOINT WARNING * * *
You are too injured to fight recklessly!
It was a potion of haste.
You feel yourself speed up. The iguana bites you.
* * * LOW HITPOINT WARNING * * *
The iguana attacks as it pursues you! The iguana bites you!
You die...

...# .#.# .g# #.#.# ..#
#.#.## #.# #....# #.#
#....# #.# #....# .#
#.#####....# #.#
#.)...l...# #.#
......######@### ##.#####
.
....#?######.#####..#....
.. ...
#.................###...
.
##..#....####...........
.......# #...........
........# #...........
.#...###.# ####.####.#
##..# #.# #......# ##.#
#.# #.######


You could see an iguana.

Vanquished Creatures
  A dart slug (D:1)
  3 endoplasms
  4 giant cockroaches
  2 goblins (D:2)
  2 hobgoblins (D:2)
  2 kobolds (D:1)
  A ball python (D:1)
  3 bats (D:1)
  A frilled lizard (D:1)
  2 rats (D:1)
21 creatures vanquished.

Notes
Turn   | Place    | Note
-------+----------+-------------------------------------------
     0 | D:1      | olmar the Demigod Earth Elementalist began the quest for
                  | the Orb.
     0 | D:1      | Reached XP level 1. HP: 14/14 MP: 5/5
   422 | D:1      | Reached skill level 1 in Transmutations
   422 | D:1      | Reached XP level 2. HP: 21/22 MP: 4/7
   611 | D:1      | Reached skill level 3 in Earth Magic
  1287 | D:2      | Noticed an ogre
  1342 | D:2      | Mangled by an iguana

Illustrated notes

Levels and vault maps discovered:
D:1:      minmay_arrival_three_doors, layout_loops_ring
D:2:      layout_basic, dreamdust_mushroom_princess, minivault_24,
          grunt_ministairs_4

Skill      XL: |  1  2 |
---------------+-------+-----
Spellcasting   | 2 |  2.3
Transmutations | 1 |  1.0
Earth Magic    | 3 |  3.0
Fighting       | |  0.5
Dodging        | |  1.9
Stealth        | |  1.7

Action                     || total
---------------------------++-------
   Cast: Sandblast         ||    39
    Use: Scroll            ||     4
         Potion            ||     1
 Armour: Robe              ||     3
  Dodge: Dodged            ||     6

Table legend: (Time is in decaauts)
 A = Elapsed time spent in this place.
 B = Non-inter-level travel time spent in this place.
 C = Inter-level travel time spent in this place.
 D = Time resting spent in this place.
 E = Time spent auto-exploring this place.
 F = Levels seen in this place.
 G = Mean time per level.
                   A        B        C        D        E       F      G
               +--------+--------+--------+--------+--------+-----+--------+
         Total |   1361 |   1293 |     68 |      0 |   1065 |   2 |  680.5 |
       Dungeon |   1361 |   1293 |     68 |      0 |   1065 |   2 |  680.5 |
               +--------+--------+--------+--------+--------+-----+--------+

Top non-repeatable levels by time:
     D:1: 976 daAuts
     D:2: 384 daAuts
